 Dungeon Crawl Stone Soup version 0.29.0-13-gc9e81de378 (console) character file.

Game seed: 15250713361058640749

14 odiv the Magician (level 2, -6/19 HPs)
             Began as a Demonspawn Wanderer on Sept 11, 2022.
             Mangled by a gnoll
             ... wielding a +0 flail
              (10 damage)
             ... on level 1 of the Dungeon.
             The game lasted 00:01:29 (488 turns).

odiv the Magician (Demonspawn Wanderer)              Turns: 488, Time: 00:01:29

Health: -6/19      AC:  3    Str: 10    XL:     2   Next: 31%
Magic:  0/6        EV: 12    Int: 15    God:
Gold:   22         SH:  0    Dex: 12    Spells: 6/7 levels left

rFire   . . .      SeeInvis .   a - +0 dagger
rCold   . . .      Faith    .   (no shield)
rNeg    . . .      Spirit   .   c - +0 robe
rPois   .          Reflect  .   (no helmet)
rElec   .          Harm     .   d - +0 cloak
rCorr   .          Rampage  .   (no gloves)
Will    .....                   (no boots)
Stlth   +.........              (no amulet)
HPRegen 0.06/turn               (no ring)
MPRegen 0.10/turn               (no ring)

@: very slightly contaminated
A: powered by death 1
a: no special abilities


You were on level 1 of the Dungeon.
You visited 1 branch of the dungeon, and saw 1 of its levels.

You collected 22 gold pieces.

Inventory:

Hand Weapons
 a - a +0 dagger (weapon)
Missiles
 f - 8 stones (quivered)
Armour
 c - a +0 robe (worn)
 d - a +0 cloak (worn)
Scrolls
 g - a scroll of identify
Potions
 b - a potion of lignification
 e - a potion of degeneration {unknown}
 h - a potion of mutation


   Skills:
 - Level 1.0 Throwing
 - Level 2.6 Dodging
 - Level 3.0 Spellcasting
 + Level 2.0 Conjurations
 - Level 1.7 Air Magic


You had 6 spell levels left.
You knew the following spells:

 Your Spells              Type           Power      Damage    Failure   Level
a - Magic Dart            Conj           32%        1d4       9%          1

Your spell library contained the following spells:

 Spells                   Type           Power      Damage    Failure   Level
 Shock                    Conj/Air       32%        1d5       9%          1
 Poisonous Vapours        Pois/Air       8%         N/A       22%         2
 Swiftness                Air            7%         N/A       28%         3
 Call Canine Familiar     Summ           2%         N/A       52%         3


Dungeon Overview and Level Annotations

Branches:
Dungeon (1/15)

Altars:


Innate Abilities, Weirdness & Mutations

You regenerate a little health from kills.


Message History

Press: ? - help, Shift-Dir - straight line, f/p - gnoll
Aim: a gnoll, wielding a +0 flail (lightly wounded, 100% to hit)
The magic dart hits the gnoll.
The gnoll is moderately wounded.
Casting: Magic Dart (safe; 9% risk of failure)
Confirm with . or Enter, or press ? or * to list all spells.
Aiming: Magic Dart (safe; 9% risk of failure)
Press: ? - help, Shift-Dir - straight line, f/p - gnoll
Aim: a gnoll, wielding a +0 flail (moderately wounded, 100% to hit)
The magic dart hits the gnoll but does no damage.
The gnoll is moderately wounded.
You closely miss the gnoll.
The gnoll is moderately wounded.
The gnoll hits you with a +0 flail.
Casting: Magic Dart (safe; 9% risk of failure)
Confirm with . or Enter, or press ? or * to list all spells.
Aiming: Magic Dart (safe; 9% risk of failure)
Press: ? - help, Shift-Dir - straight line, f/p - gnoll
Aim: a gnoll, wielding a +0 flail (moderately wounded, 100% to hit)
The magic dart hits the gnoll.
The gnoll is heavily wounded.
The gnoll misses you.
Casting: Magic Dart (safe; 9% risk of failure)
Confirm with . or Enter, or press ? or * to list all spells.
Aiming: Magic Dart (safe; 9% risk of failure)
Press: ? - help, Shift-Dir - straight line, f/p - gnoll
Aim: a gnoll, wielding a +0 flail (heavily wounded, 100% to hit)
You miscast Magic Dart.
You are very lightly contaminated with residual magic.
Nothing appears to happen.
The gnoll hits you with a +0 flail.
You hit the gnoll but do no damage.
The gnoll is heavily wounded.
The gnoll hits you with a +0 flail.
* * * LOW HITPOINT WARNING * * *
As you read the scroll labelled ZENIPO BACIO, it crumbles to dust.
It is a scroll of identify.
h - a potion of mutation The gnoll hits you with a +0 flail!
Ouch! That really hurt!
You die...

#.### ..... # ## #.#.#
#.###.##### #.#.#
...........# #.#.#
............# #.#.# #.
..........###.#.# .
............g...#
..###.#######@#.# .....
#.#.# ###..###.#######.#.#
.......>.........#.# .#
###..# ..#######.#.###.###
.....##..................#
.................#..#...#
..................[.....#
........########.#..#...#


You could see a gnoll.

Vanquished Creatures
  A dart slug (D:1)
  2 bats (D:1)
  An endoplasm (D:1)
  A giant cockroach (D:1)
  A goblin (D:1)
  2 kobolds (D:1)
  2 quokkas (D:1)
10 creatures vanquished.

Notes
Turn   | Place    | Note
-------+----------+-------------------------------------------
     0 | D:1      | odiv the Demonspawn Wanderer began the quest for the Orb.
     0 | D:1      | odiv set off with the following items: a +0 dagger, a
                  | potion of lignification, a +0 robe, a +0 cloak; and the
                  | following spells available to memorise: Shock, Magic Dart,
                  | Poisonous Vapours, Swiftness, Call Canine Familiar.
     0 | D:1      | Reached XP level 1. HP: 13/13 MP: 4/4
     2 | D:1      | Learned a level 1 spell: Magic Dart
    63 | D:1      | Reached skill level 1 in Conjurations
   168 | D:1      | Gained mutation: You regenerate a little health from kills.
                  | [demonic ancestry]
   168 | D:1      | Reached XP level 2. HP: 19/19 MP: 3/6
   488 | D:1      | Mangled by a gnoll

Illustrated notes

Levels and vault maps discovered:
D:1:      erik_arrival_blinker_ship, layout_basic, serial_shops,
          nicolae_shop_hallway_plus, minmay_distorted

Skill      XL: |  1  2 |
---------------+-------+-----
Conjurations   | 1 2 |  2.0
Throwing       | |  1.0
Dodging        | |  2.6
Spellcasting   | |  3.0
Air Magic      | |  1.7

Action                   || total
-------------------------++-------
Melee: Dagger            ||    11
 Cast: Magic Dart        ||    32
  Use: Scroll            ||     1
Armor: Robe              ||     2
Dodge: Dodged            ||     8
